Map: 블루시프트 - 래더

Players

Zest - Winner!

  • Race: Protoss Protoss
  • League: Master
  • Spawn Location: 1:00

herO

  • Race: Protoss Protoss
  • League: Grandmaster
  • Spawn Location: 7:00

Event: IEM Season 13 - Katowice Server Qualifiers America

VOD

Have the link to the VOD?

Description

Time

  • Played on: Jan. 6, 2019, 6:49 p.m.
  • Length: 14:07

All games in this series

Show
View Real Time Build Order
Export as new Build Order

Zest Protoss - Winner!

Build Orders: Oracle Opening 

Get SALT Encoding   

  12  0:00  Probe  
  13  0:12  Probe  
  14  0:17  Pylon  
  14  0:24  Probe  
  15  0:32  Probe  
  15  0:37  Gateway  
  15  0:40  Probe  
  16  0:46  Assimilator  
  17  0:51  Probe  
  17  0:54  Assimilator  
  18  1:00  Probe  
  19  1:07  Gateway  
  19  1:08  Probe  
  19  1:17  Probe  
  20  1:23  Cybernetics Core  
  21  1:29  Probe  
  22  1:33  Pylon  
  22  1:41  Probe  
  24  2:00  Stargate, Adept  
  24  2:01  Adept  
  27  2:07  Pylon  
  27  2:10  Warp Gate  
  27  2:26  Pylon  
  27  2:29  Shield Battery  
  27  2:34  Oracle  
  29  2:47  Stalker  
  31  2:55  Probe, Stalker  
  34  3:07  Probe  
  35  3:14  Pylon  
  37  3:25  Probe  
  34  3:32  Oracle  
  34  3:33  Robotics Facility  
  29  3:43  Shield Battery  
  32  3:48  Pylon  
  32  4:09  Probe  
  33  4:10  Shield Battery  
  33  4:13  Immortal  
  33  4:14  Stalker x2  
  41  4:30  Shield Battery  
  41  4:43  Sentry, Zealot  
  39  5:05  Stalker  
  40  5:08  Stalker  
  29  5:31  Probe  
  21  5:37  Immortal  
  21  5:41  Probe  
  26  5:52  Probe  
  27  6:04  Probe  
  28  6:16  Probe  
  29  6:25  Stalker  
  31  6:31  Stalker  
  33  6:37  Probe  
  34  6:49  Probe  
  35  6:59  Warp Prism  
  37  7:02  Probe  
  38  7:12  Probe  
  39  7:20  Probe  
  39  7:28  Probe  
  41  7:40  Adept  
  41  7:41  Adept  
  45  7:46  Probe  
  45  7:51  Pylon  
  46  7:54  Observer  
  47  8:09  Probe  
  48  8:21  Probe  
  49  8:33  Probe  
  50  8:34  Robotics Bay  
  50  8:38  Immortal  
  54  8:46  Pylon  
  54  8:51  Gateway  
  53  9:12  Stalker  
  53  9:16  Pylon  
  55  9:27  Disruptor  
  55  9:32  Pylon  
  58  9:51  Disruptor  
  61  10:10  Zealot  
  61  10:11  Zealot x2  
  65  10:22  Disruptor  
  64  10:41  Sentry x2, Zealot  
  70  10:53  Pylon  
  70  10:55  Pylon  
  70  11:00  Observer  
  73  11:20  Stalker x3  
  76  11:45  Adept  
  76  11:46  Adept x2  
  76  12:14  Adept x2  
  76  12:15  Adept  
  53  12:34  Immortal  
  54  13:14  Stalker x3  
  47  13:48  Stalker x2  
Show
View Real Time Build Order
Export as new Build Order

herO Protoss 

Build Orders:  

Get SALT Encoding   

  12  0:00  Probe  
  13  0:12  Probe  
  14  0:17  Pylon  
  14  0:23  Probe  
  15  0:31  Probe  
  16  0:36  Gateway  
  16  0:39  Probe  
  16  0:46  Assimilator  
  17  0:50  Probe  
  17  0:54  Assimilator  
  18  0:58  Probe  
  19  1:06  Probe  
  19  1:07  Gateway  
  20  1:17  Probe  
  20  1:25  Cybernetics Core  
  21  1:29  Probe  
  21  1:32  Pylon  
  22  1:41  Probe  
  24  2:01  Adept x2, Warp Gate  
  24  2:06  Robotics Facility  
  27  2:14  Gateway  
  27  2:28  Stalker  
  27  2:29  Stalker  
  31  2:39  Pylon  
  31  2:53  Immortal  
  33  2:58  Stalker  
  37  3:08  Stalker  
  39  3:14  Pylon  
  33  3:33  Warp Prism  
  32  3:35  Shield Battery  
  31  3:47  Probe  
  35  4:04  Stalker x2  
  38  4:11  Zealot  
  40  4:35  Zealot x3  
  46  4:39  Pylon  
  42  5:01  Zealot x3  
  34  5:30  Probe  
  34  5:31  Warp Prism  
  25  5:38  Probe  
  22  5:46  Probe  
  22  5:49  Stalker  
  25  5:58  Probe  
  25  6:03  Adept x2  
  30  6:10  Probe  
  31  6:21  Probe  
  32  6:26  Sentry  
  32  6:29  Probe  
  34  6:38  Probe  
  37  6:54  Robotics Facility  
  36  7:11  Probe  
  36  7:14  Gateway  
  37  7:23  Probe  
  38  7:34  Immortal  
  40  7:46  Sentry  
  40  7:50  Pylon  
  40  7:51  Sentry  
  50  8:23  Immortal  
  50  8:33  Adept x3  
  54  8:38  Pylon  
  54  8:48  Pylon  
  53  8:52  Immortal  
  55  9:06  Pylon  
  55  9:13  Pylon  
  55  9:24  Immortal  
  55  9:30  Adept x3  
  65  10:04  Immortal  
  68  10:33  Stalker x2  
  72  10:40  Stalker  
  70  10:58  Immortal  
  74  11:27  Warp Prism  
  76  11:40  Pylon  
  58  12:19  Immortal  
  46  12:32  Stalker x2  
  50  12:37  Stalker  
  48  13:09  Sentry x3  

Tags
 
Add a new tag
Caveats
  • Supply blocks, unpowered buildings, or Contaminate may cause inaccurate times.
  • Supply counts are checked every 10 seconds.